 Dungeon Sprint DCSS version 0.24-a0-507-g3e8b2426 (webtiles) character file.

Game seed: 11609225032641120895

266 silentkaos13 the Cleaver (level 6, -4/64 HPs)
             Began as a Minotaur Berserker on July 19, 2019.
             Was a Believer of Trog.
             Slain by a slime creature (13 damage)
             ... in the Dungeon (Sprint I: "Red Sonja").
             The game lasted 00:00:54 (717 turns).

silentkaos13 the Cleaver (Minotaur Berserker)        Turns: 717, Time: 00:00:54

Health: -4/64      AC:  2    Str: 24    XL:     6   Next: 0%
Magic:  5/5        EV: 14    Int:  4    God:    Trog [**....]
Gold:   162        SH:  0    Dex:  9    Spells: 5/5 levels left

rFire    . . .     SeeInvis .   a - +0 hand axe
rCold    . . .     Gourm    .   (no shield)
rNeg     . . .     Faith    .   b - +0 animal skin
rPois    .         Spirit   .   (helmet restricted)
rElec    .         Reflect  .   (no cloak)
rCorr    .         Harm     .   (no gloves)
MR       .....     NoTele   +   (no boots)
Stlth    +.........             (no amulet)
HPRegen  0.20/turn              (no ring)
MPRegen  0.09/turn              (no ring)

@: no status effects
A: retaliatory headbutt, horns 2
a: Berserk, Trog's Hand, Renounce Religion


You were in the Dungeon.
You worshipped Trog.
Trog was pleased with you.
You were very hungry.

You visited 1 branch You collected 162 gold pieces.

Inventory:

Hand Weapons
 a - a +0 hand axe (weapon)
Armour
 b - a +0 animal skin (worn)
Scrolls
 i - a scroll of blinking
Potions
 d - a potion of curing
 e - a potion of heal wounds
 f - a potion of haste
 g - 2 potions of magic
 h - a potion of berserk rage
Comestibles
 c - a ration


   Skills:
 + Level 9.5 Fighting
 + Level 10.1 Axes
 + Level 5.1 Armour
 + Level 5.5 Dodging
 + Level 0.2 Stealth


You had 5 spell levels left.
You didn't know any spells.
Your spell library was empty.

Dungeon Overview and Level Annotations

Branches:
Dungeon (1/1)

Altars:
Makhleb
Xom
Jiyva
Lugonu


Innate Abilities, Weirdness & Mutations

You reflexively headbutt those who attack you in melee.
You have a pair of horns on your head.


Message History

Found four altars.
The slime creature hits you!
There is an open door, spattered with blood here.
You hit the slime creature.
The slime creature is lightly wounded.
The slime creature hits you!
You hit the slime creature.
The slime creature is lightly wounded.
The slime creature hits you!
You hit the slime creature but do no damage.
The slime creature is lightly wounded.
You hit the slime creature but do no damage.
Your headbutt misses the slime creature.
The slime creature is lightly wounded.
The slime creature hits you!!
* * * LOW HITPOINT WARNING * * *
You hit the slime creature but do no damage.
The slime creature is lightly wounded.
The slime creature hits you!
You die...

###################
#<.#..)..#.)'..#__#
#..').#..'..#..@J.+
#..#####'#####+#__#
#..# #..# ### #..#
#### #..# #⌠⌠# ####


You could see a slime creature.

Vanquished Creatures
  Sigmund (D)
  An ogre (D)
  Ijyb (D)
3 creatures vanquished.

Notes
Turn   | Place    | Note
-------+----------+-------------------------------------------
     0 | D        | silentkaos13 the Minotaur Berserker began the quest for the
                  | Orb.
     0 | D        | Reached XP level 1. HP: 19/19 MP: 0/0
     1 | D        | Noticed Ijyb
    16 | D        | Killed Ijyb
    16 | D        | Reached skill level 5 in Fighting
    16 | D        | Reached skill level 5 in Axes
    16 | D        | Reached XP level 2. HP: 4/29 MP: 1/1
   286 | D        | Noticed an ogre
   293 | D        | Killed an ogre
   293 | D        | Reached skill level 8 in Axes
   293 | D        | Reached XP level 3. HP: 38/39 MP: 2/2
   293 | D        | Reached XP level 4. HP: 46/47 MP: 3/3
   397 | D        | Noticed Sigmund
   422 | D        | Killed Sigmund
   422 | D        | Reached ** piety under Trog
   422 | D        | Reached skill level 10 in Axes
   422 | D        | Reached skill level 5 in Armour
   422 | D        | Reached skill level 5 in Dodging
   422 | D        | Reached XP level 5. HP: 6/57 MP: 4/4
   422 | D        | Reached XP level 6. HP: 7/64 MP: 5/5
   711 | D        | Found a burning altar of Makhleb.
   711 | D        | Found a viscous altar of Jiyva.
   711 | D        | Found a shimmering altar of Xom.
   711 | D        | Found a corrupted altar of Lugonu.
   711 | D        | Noticed a slime creature
   717 | D        | Slain by a slime creature

Levels and vault maps discovered:
D:        dungeon_sprint_1 [red_sonja_temple_1, red_sonja_temple_small_1]

Skill      XL: |  1  2  3  4 |
---------------+-------------+-----
Fighting       | 5 7 9 |  9.5
Axes           | 5 8 10 | 10.1
Armour         | 3 4 5 |  5.1
Dodging        | 3 4 5 |  5.5
Stealth        | |  0.2

Action                   |  1- 3 |  4- 6 || total
-------------------------+-------+-------++-------
Melee: Hand axe          |    20 |    16 ||    36
       Headbutt          |     3 |     3 ||     6
Invok: Berserk           |     1 |     1 ||     2
Armor: Animal skin       |       |     1 ||     1
Dodge: Dodged            |    10 |     4 ||    14

Table legend:
 A = Non-vault XP
 B = Vault XP
 C = Vault XP percentage of total XP
 D = Non-vault monster count
 E = Vault monster count
 F = Vault count percentage of total count
                 A         B        C        D         E       F
            +---------+---------+-------+---------+---------+-------
      Total |       0 |     380 | 100.0 |       0 |       3 | 100.0
            +---------+---------+-------+---------+---------+-------
          D |       0 |     380 | 100.0 |       0 |       3 | 100.0
            +---------+---------+-------+---------+---------+-------
